 Dungeon Sprint DCSS version 0.21.1-1-g345015f (webtiles) character file.

616 halftheisland the Basher (level 7, -2/121 HPs)
             Began as a Troll Berserker on Feb 26, 2018.
             Was a Believer of Trog.
             Slain by Sonja
             ... wielding a +1 short sword of distortion
              (4 damage)
             ... in the Dungeon (Sprint I: "Red Sonja").
             The game lasted 00:04:21 (677 turns).

halftheisland the Basher (Troll Berserker)           Turns: 677, Time: 00:04:21

Health: -2/121     AC:  7    Str: 34    XL:     7   Next: 21%
Magic:  6/6        EV: 10    Int:  3    God:    Trog [**....]
Gold:   9          SH:  0    Dex: 10    Spells: 6/6 levels left

rFire    + . .     SeeInvis +   a - +0 mace
rCold    . . .     Gourm    +   (no shield)
rNeg     . . .     Faith    .   d - +2 robe {rF+}
rPois    .         Spirit   .   (helmet restricted)
rElec    .         Reflect  .   (no cloak)
rCorr    .         Harm     .   (gloves unavailable)
MR       ++...     NoTele   +   (boots unavailable)
Stlth    ..........             (no amulet)
HPRegen  1.70/turn              c - ring "Hient" {Str+2 SInv}
MPRegen  0.10/turn              (no ring)

@: berserking, lethally poisoned (-2 -> -3), regenerating, slowed
A: large, unfitting armour, claws 3, fast metabolism 3, gourmand, regeneration
1, shaggy fur 1, tough skin 2
a: Berserk, Trog's Hand, Burn Spellbooks, Renounce Religion


You were in the Dungeon.
You worshipped Trog.
Trog was pleased with you.
You were not hungry.

You visited 1 branch You collected 297 gold pieces.
You spent 288 gold pieces at shops.

Inventory:

Hand Weapons
 a - a +0 mace (weapon)
 e - a +2 spear of freezing
 k - a +0 giant club
Armour
 b - a +0 animal skin
 d - a +2 robe of fire resistance (worn)
Jewellery
 c - the ring "Hient" (left claw) {Str+2 SInv}
   (You bought it in a shop in the Dungeon)

   [ring of see invisible]

   It affects your strength (+2).
   It lets you see invisible.
Scrolls
 i - a scroll of blinking
Potions
 g - 2 potions of magic
 h - a potion of berserk rage
 j - a potion of ambrosia {unknown}


   Skills:
 * Level 8.9 Fighting
 * Level 9.9 Maces & Flails
 - Level 2.4 Dodging
 * Level 5.8 Unarmed Combat


You had 6 spell levels left.
You didn't know any spells.

Dungeon Overview and Level Annotations

Branches:
Dungeon (1/1)

Altars:
Cheibriados
Dithmenos
Elyvilon
Fedhas
Gozag
Hepliaklqana
Kikubaaqudgha
Makhleb
Nemelex Xobeh
Okawaru
Qazlal
Ru
Sif Muna
Trog
Uskayaw
Vehumet
Wu Jian
Xom
Yredelemnul
Zin
The Shining One
Jiyva
Lugonu

Shops:
D =

Annotations:
D Sonja


Innate Abilities, Weirdness & Mutations

You are too large for most types of armour.
You have claws for hands.
Your metabolism is lightning-fast.
You like to eat raw meat.
Your natural rate of healing is unusually fast.
You are covered in fur. (AC +1)
You have very tough skin. (AC +2)


Message History

You feel very sick. Sonja closely misses you. Sonja barely misses you.
Sonja hits you with an uncursed short sword of distortion.
* * * LOW HITPOINT WARNING * * *
Space bends around you.
* * * LOW HITPOINT WARNING * * *
Sonja hits you with an uncursed short sword of distortion.
* * * LOW HITPOINT WARNING * * *
Sonja barely misses you.
Sonja hits you with an uncursed short sword of distortion.
* * * LOW HITPOINT WARNING * * *
Space bends around you.
* * * LOW HITPOINT WARNING * * *
Unknown command.
A red film seems to cover your vision as you go berserk!
You feel yourself moving faster!
You feel mighty!
You feel a lot more hungry.
* * * LOW HITPOINT WARNING * * *
You feel very sick.
Sonja hits you with an uncursed short sword of distortion.
You die...

###################
#<.#..'..#..'..#__#
#..').#..)..#..'..+
#..#####'#####'#__#
#..####..#...#.####
#..#__####..##[#
#..#_____##'#_.+
#⌠⌠#_.∩...'K.._#
####_..__##_@#+#
#_____###(# #######
#.# $.$ #$.$# ##.##
#+#


You could see Sonja.

Vanquished Creatures
  A slime creature (D)
  Sigmund (D)
  A yak (D)
  An ogre (D)
  A jelly (D)
  Ijyb (D)
6 creatures vanquished.

Notes
Turn   | Place    | Note
-------+----------+-------------------------------------------
     0 | D        | halftheisland the Troll Berserker began the quest for the Orb.
     0 | D        | Reached XP level 1. HP: 22/22 MP: 0/0
     1 | D        | Noticed Ijyb
    17 | D        | Killed Ijyb
    17 | D        | Reached skill level 4 in Maces & Flails
    17 | D        | Reached skill level 1 in Unarmed Combat
    17 | D        | Reached XP level 2. HP: 24/32 MP: 1/1
    33 | D        | Noticed an ogre
    40 | D        | Killed an ogre
    40 | D        | Reached skill level 5 in Fighting
    40 | D        | Reached skill level 6 in Maces & Flails
    40 | D        | Reached XP level 3. HP: 14/42 MP: 2/2
    40 | D        | Reached XP level 4. HP: 16/50 MP: 3/3
   101 | D        | Noticed Sigmund
   138 | D        | Killed Sigmund
   138 | D        | Reached ** piety under Trog
   138 | D        | Reached skill level 8 in Maces & Flails
   138 | D        | Reached XP level 5. HP: 9/62 MP: 4/4
   138 | D        | Reached XP level 6. HP: 10/71 MP: 5/5
   277 | D        | Found a burning altar of Makhleb.
   277 | D        | Found a viscous altar of Jiyva.
   277 | D        | Found a shimmering altar of Xom.
   277 | D        | Found a corrupted altar of Lugonu.
   277 | D        | Noticed a slime creature
   288 | D        | Killed a slime creature
   288 | D        | Reached skill level 9 in Maces & Flails
   288 | D        | Reached skill level 5 in Unarmed Combat
   373 | D        | Found an ornate altar of the Wu Jian Council.
   373 | D        | Found a deep blue altar of Sif Muna.
   375 | D        | Found a radiant altar of Vehumet.
   430 | D        | Found Lollol's Jewellery Emporium.
   430 | D        | Found an ancient bone altar of Kikubaaqudgha.
   430 | D        | Found a hazy altar of Hepliaklqana.
   430 | D        | Found a hide-covered altar of Uskayaw.
   430 | D        | Found a basalt altar of Yredelemnul.
   430 | D        | Found an opulent altar of Gozag.
   430 | D        | Found a snail-covered altar of Cheibriados.
   430 | D        | Found a sacrificial altar of Ru.
   430 | D        | Found a shadowy altar of Dithmenos.
   430 | D        | Noticed a yak
   431 | D        | Found a stormy altar of Qazlal.
   431 | D        | Found a blossoming altar of Fedhas.
   431 | D        | Found a bloodstained altar of Trog.
   431 | D        | Found an iron altar of Okawaru.
   431 | D        | Found a glowing golden altar of the Shining One.
   431 | D        | Found a glowing silver altar of Zin.
   431 | D        | Found a white marble altar of Elyvilon.
   440 | D        | Killed a yak
   440 | D        | Reached *** piety under Trog
   440 | D        | Reached XP level 7. HP: 13/81 MP: 6/6
   547 | D        | Found a sparkling altar of Nemelex Xobeh.
   567 | D        | Bought the ring "Hient" {Str+2 SInv} for 288 gold pieces
   673 | D        | Noticed Sonja
   676 | D        | HP: 3/81 [Sonja/uncursed short sword of distortion (6)]
   677 | D        | Slain by Sonja

Skill      XL: |  1  2  3  4  5  6 |
---------------+-------------------+-----
Fighting       | 3 5 7 8 |  8.9
Maces & Flails | 4 6 8 9 |  9.9
Unarmed Combat | 1 3 4 5 |  5.8
Dodging        | |  2.4

Action                   |  1- 3 |  4- 6 |  7- 9 || total
-------------------------+-------+-------+-------++-------
Melee: Mace              |    21 |    41 |       ||    62
       Punch             |       |     1 |       ||     1
Invok: Berserk           |       |     2 |     1 ||     3
       Trog's Hand       |       |       |     1 ||     1
  Use: Potion            |       |     3 |       ||     3
  Eat: Ration            |       |     2 |       ||     2
       Chunk             |       |     2 |       ||     2
Armor: Animal skin       |     9 |       |       ||     9
       Robe              |       |     1 |     2 ||     3
Dodge: Dodged            |     8 |    16 |     5 ||    29
